 Dungeon Crawl Stone Soup version 0.28.0-53-g5a82cb258f (webtiles) character file.

Game seed: 12558749859168363148

853 Hydra2011 the Slicer (level 7, -2/33 HPs)
             Began as a Spriggan Brigand on June 25, 2022.
             Was an Initiate of Nemelex Xobeh.
             Splashed by a jelly's acid (5 damage)
             ... on level 6 of the Dungeon.
             The game lasted 00:12:02 (5380 turns).

Hydra2011 the Slicer (Spriggan Brigand)             Turns: 5380, Time: 00:12:04

Health: -2/33      AC: -8    Str:  7    XL:     7   Next: 70%
Magic:  8/8        EV: 16    Int: 13    God:    Nemelex Xobeh [......]
Gold:   265        SH:  0    Dex: 18    Spells: 6/6 levels left

rFire   . . .      SeeInvis +   a - +2 dagger
rCold   . . .      Faith    .   (no shield)
rNeg    . . .      Spirit   .   b - +0 robe
rPois   .          Reflect  .   (helmet restricted)
rElec   .          Harm     .   c - +1 cloak
rCorr   .          Rampage  .   (gloves unavailable)
Will    +....                   (boots unavailable)
Stlth   +++.......              f - amulet of regeneration
HPRegen 0.91/turn               o - ring of flight
MPRegen 0.11/turn               (no ring)

@: corroded, flying, very quick
A: very small, no large weapons, unfitting armour, see invisible, speed 3
a: Renounce Religion, Draw Escape, Draw Destruction, Draw Summoning


You were on level 6 of the Dungeon.
You worshipped Nemelex Xobeh.
Nemelex Xobeh was noncommittal.
You visited 2 branches of the dungeon, and saw 7 of its levels.

You collected 265 gold pieces.

Inventory:

Hand Weapons
 a - a +2 dagger (weapon)
Missiles
 d - 20 poisoned darts (quivered)
 e - 2 curare-tipped darts
Armour
 b - a +0 robe (worn)
 c - a +1 cloak (worn)
Jewellery
 f - an amulet of regeneration (around neck)
 h - an amulet of the acrobat
 o - a ring of flight (left hand)
Wands
 q - a wand of flame (48)
 r - a wand of mindburst (3)
Scrolls
 g - a scroll of magic mapping {unknown}
 i - a scroll of amnesia {unknown}
 m - a scroll of blinking
 s - 2 scrolls of vulnerability
Potions
 j - a potion of degeneration {unknown}
 k - a potion of cancellation {unknown}
 l - a potion of berserk rage {unknown}
 n - 3 potions of curing
 p - 2 potions of attraction {unknown}
 t - a potion of lignification {unknown}
 u - a potion of invisibility {unknown}
 v - 2 potions of haste {unknown}


   Skills:
 - Level 1.5 Fighting
 + Level 8.8 Short Blades
 - Level 4.0 Throwing
 - Level 1.3 Dodging
 - Level 6.0 Stealth
 - Level 2.0 Evocations


You had 6 spell levels left.
You didn't know any spells.
Your spell library contained the following spells:

 Spells                   Type           Power      Damage    Failure   Level
 Apportation              Tloc           0%         N/A       30%         1
 Summon Small Mammal      Summ           0%         N/A       30%         1
 Ensorcelled Hibernation  Hex/Ice        0%         N/A       43%         2
 Passwall                 Tmut/Erth      0%         N/A       43%         2
 Call Canine Familiar     Summ           0%         N/A       67%         3
 Summon Guardian Golem    Hex/Summ       0%         N/A       67%         3
 Swiftness                Air            0%         N/A       67%         3
 Alistair's Intoxication  Tmut/Pois      0%         N/A       100%        5


Dungeon Overview and Level Annotations

Branches:
Dungeon (6/15)             Temple (1/1) D:4

Altars:
Ashenzari
Cheibriados
Dithmenos
Elyvilon
Fedhas
Gozag
Hepliaklqana
Kikubaaqudgha
Makhleb
Nemelex Xobeh
Okawaru
Qazlal
Ru
Sif Muna
Trog
Uskayaw
Vehumet
Wu Jian
Xom
Yredelemnul
Zin

Shops:
D:2 [   D:5 [

Portals:
Sewer: D:3

Annotations:
D:5 1 runed translucent door, Crazy Yiuf


Innate Abilities, Weirdness & Mutations

You are very small and have problems with some larger weapons.
You are too small for most types of armour.
You have supernaturally acute eyesight. (SInv)
You cover ground extremely quickly. (Speed+++)


Message History

The jelly is moderately wounded.
The jelly misses you.
You hit the jelly.
Your hands burn!
The jelly is heavily wounded.
The jelly misses you.
The jelly jiggles.
An iguana comes into view.
You are no longer corroded.
The jelly jiggles.
There is a stone staircase leading up here.
A jelly is nearby!
You hit the jelly. The acid corrodes you!
Your hands burn!
The jelly is heavily wounded.
The jelly completely misses you.
You hit the jelly.
Your hands burn!
The jelly is severely wounded.
You hit the jelly. The acid corrodes you!
Your hands burn!
The jelly is almost dead.
The jelly hits you. The acid corrodes you!
You are splashed with acid!
You are too injured to fight recklessly!
You are too injured to fight recklessly!
You are too injured to fight recklessly!
You are too injured to fight recklessly!
You are too injured to fight recklessly!
You are too injured to fight recklessly!
You are too injured to fight recklessly!
You are too injured to fight recklessly!
You are too injured to fight recklessly!
You are too injured to fight recklessly!
You hit the jelly but do no damage.
Your hands burn!
* * * LOW HITPOINT WARNING * * *
The jelly is almost dead.
You hit the jelly.
Your hands burn!
* * * LOW HITPOINT WARNING * * *
The jelly is almost dead.
The jelly hits you.
* * * LOW HITPOINT WARNING * * *
You are splashed with acid.
You die...
Your body disappears without a glow.

######## #......#
#......# #....@.#
#....J.####
#......##.###
#.......#...## ###
#............##
#..##.............##
#....###...........#
#)...###...........#
.
####........[......#
..


You could see a jelly.

Vanquished Creatures
  A water moccasin (D:5)
  An ice beast (D:5)
  A water moccasin zombie (D:5)
  A water moccasin skeleton (D:4)
  2 howler monkeys (D:5)
  A bullfrog zombie (D:6)
  2 hounds
  An orc priest (D:4)
  A bullfrog skeleton (D:5)
  Jessica (D:3)
  Natasha (D:4)
  3 iguanas
  Terence (D:2)
  A hound skeleton (D:3)
  5 adders
  A river rat (D:3)
  An ufetubus (D:5)
  An adder skeleton (D:4)
  3 worms
  3 dart slugs (D:4)
  5 orcs
  7 ball pythons
  4 endoplasms
  5 giant cockroaches
  11 goblins
  4 hobgoblins
  4 jackals (D:2)
  4 quokkas
  4 frilled lizards
  7 kobolds
  7 rats
94 creatures vanquished.

Vanquished Creatures (others)
  7 plants (D:4)
7 creatures vanquished.

Grand Total: 101 creatures vanquished

Notes
Turn   | Place    | Note
-------+----------+-------------------------------------------
     0 | D:1      | Hydra2011 the Spriggan Brigand began the quest for the Orb.
     0 | D:1      | Reached XP level 1. HP: 10/10 MP: 2/2
   117 | D:1      | Reached XP level 2. HP: 14/14 MP: 3/3
   790 | D:2      | Found Ydok Mah's Armour Boutique.
   816 | D:2      | Noticed Terence
   986 | D:2      | Reached skill level 3 in Short Blades
  1033 | D:2      | Reached XP level 3. HP: 18/18 MP: 4/4
  1119 | D:2      | Found a faded altar of an unknown god.
  1818 | D:2      | Killed Terence
  1819 | D:2      | Reached XP level 4. HP: 22/22 MP: 5/5
  2068 | D:3      | Reached skill level 4 in Short Blades
  2146 | D:3      | Noticed Jessica
  2163 | D:3      | Killed Jessica
  2544 | D:2      | Reached XP level 5. HP: 25/25 MP: 6/6
  2700 | D:3      | Found a glowing drain.
  2939 | D:4      | Noticed a black bear
  2940 | D:4      | Found a bloodstained altar of Trog.
  2941 | D:4      | Noticed a black bear
  3088 | D:4      | Found a broken altar of Ashenzari.
  3092 | D:4      | Reached skill level 5 in Short Blades
  3219 | D:4      | Reached skill level 1 in Evocations
  3252 | D:4      | Reached XP level 6. HP: 30/30 MP: 7/7
  3500 | D:4      | Found a staircase to the Ecumenical Temple.
  3565 | Temple   | Entered the Ecumenical Temple
  3829 | Temple   | Became a worshipper of Nemelex Xobeh the Trickster
  4004 | D:4      | Noticed Natasha
  4006 | D:4      | Killed Natasha
  4007 | D:4      | Reached skill level 6 in Short Blades
  4317 | D:5      | Entered Level 5 of the Dungeon
  4317 | D:5      | Noticed a water moccasin
  4454 | D:5      | Found Macliess's Armour Shoppe.
  4653 | D:5      | Reached skill level 7 in Short Blades
  4671 | D:5      | Reached XP level 7. HP: 29/33 MP: 8/8
  4785 | D:5      | Found a runed translucent door.
  4785 | D:5      | Noticed Crazy Yiuf
  4808 | D:5      | Found a hazy altar of Hepliaklqana.
  4916 | D:5      | Found a basalt altar of Yredelemnul.
  4916 | D:5      | Found an ancient bone altar of Kikubaaqudgha.
  4918 | D:5      | Found a glowing silver altar of Zin.
  4918 | D:5      | Found an opulent altar of Gozag.
  4919 | D:5      | Found a shadowy altar of Dithmenos.
  4920 | D:5      | Found a sacrificial altar of Ru.
  4922 | D:5      | Reached skill level 8 in Short Blades
  5176 | D:5      | Found an ornate altar of the Wu Jian Council.
  5380 | D:6      | Splashed by a jelly's acid

Illustrated notes

Levels and vault maps discovered:
D:1:      grunt_arrival_crossed_arrows, layout_basic, roderic_roman_lattice
D:2:      layout_basic, serial_shops, nicolae_diamond_shop,
          hellmonk_ecumenical_altar_pennies_from_heaven, uniq_terence
D:3:      layout_basic, gup_sewer_entry_bowl, kennysheep_generic_room_10,
          uniq_jessica
D:4:      layout_basic, trog_ov_bears_minmay, ashenzari_conservatory_becter,
          temple_fountains, nicolae_ossuary_entry_ruins, serial_bayou_lake_a,
          uniq_natasha
D:5:      layout_loops_ring, mainiacjoe_overflow_alcove_2,
          grunt_temple_overflow_open, pdpol_wu_jian_five_deadly_venoms,
          serial_shops, shop, uniq_crazy_yiuf_cottage
D:6:      layout_rooms, mainiacjoe_overflow_six_doors_small, minmay_manual_mail
Temple:   minmay_temple_curvy_loop

Skill      XL: |  1  2  3  4  5  6  7 |
---------------+----------------------+-----
Stealth        | 6 |  6.0
Short Blades   | 3 4 5 7 8 |  8.8
Throwing       | 3 4 |  4.0
Evocations     | 2 |  2.0
Fighting       | |  1.5
Dodging        | |  1.3

Action                   |  1- 3 |  4- 6 |  7- 9 || total
-------------------------+-------+-------+-------++-------
Melee: Dagger            |   155 |   337 |    63 ||   555
       Punch             |     1 |     7 |       ||     8
Throw: Dart              |    10 |     6 |       ||    16
  Use: Scroll            |       |     6 |       ||     6
 Stab: Sleeping          |     9 |    13 |     2 ||    24
       Distracted        |       |       |     1 ||     1
Armor: Robe              |    13 |    27 |     1 ||    41
Dodge: Dodged            |    90 |   178 |    28 ||   296
